 Dungeon Crawl Stone Soup version 0.21.1-1-g345015f (webtiles) character file.

110 Gobbopathe the Ducker (level 4, 0/21 HPs)
             Began as a Spriggan Artificer on Mar 10, 2018.
             Was an Initiate of Dithmenos.
             Succumbed to an adder's poison
             ... on level 2 of the Dungeon.
             The game lasted 00:09:10 (2544 turns).

Gobbopathe the Ducker (Spriggan Artificer)          Turns: 2544, Time: 00:09:10

Health: 0/21       AC:  2    Str:  8    XL:     4   Next: 61%
Magic:  7/7        EV: 21    Int: 12    God:    Dithmenos [......]
Gold:   37         SH:  0    Dex: 17    Spells: 3/3 levels left

rFire    . . .     SeeInvis +   a - +0 short sword
rCold    . . .     Gourm    .   (shield restricted)
rNeg     . . .     Faith    .   b - +0 robe
rPois    .         Spirit   .   (helmet restricted)
rElec    .         Reflect  .   (no cloak)
rCorr    .         Harm     .   (gloves unavailable)
MR       .....                  (boots unavailable)
Stlth    ++........             (no amulet)
HPRegen  0.07/turn              (no ring)
MPRegen  0.10/turn              (no ring)

@: lethally poisoned (0 -> -7), very quick
A: very small, unfitting armour, see invisible, blink, herbivore, speed 3, low
mp 1, slow metabolism 2
a: Blink, Renounce Religion


You were on level 2 of the Dungeon.
You worshipped Dithmenos.
Dithmenos was noncommittal.
You were not hungry.

You visited 1 branch of the dungeon, and saw 2 of its levels.

You collected 37 gold pieces.

Inventory:

Hand Weapons
 a - a +0 short sword (weapon)
Missiles
 h - 28 arrows
Armour
 b - a +0 robe (worn)
Wands
 c - a wand of flame (15)
 d - a wand of enslavement (15)
 e - a wand of random effects (15)
Scrolls
 g - 2 scrolls of enchant armour {unknown}
 i - 2 scrolls of remove curse {unknown}
 k - a scroll of magic mapping {unknown}
 m - a scroll of immolation {unknown}
 p - a scroll of identify {unknown}
Potions
 j - a potion of mutation
 l - a potion of curing {unknown}
 n - a potion of degeneration {unknown}
 o - a potion of magic {unknown}
 q - a potion of brilliance {unknown}
 s - a potion of invisibility {unknown}
 t - a potion of agility
Comestibles
 f - 4 rations


   Skills:
 - Level 0.7 Fighting
 + Level 2.5 Short Blades
 * Level 5.5 Dodging
 - Level 1.5 Stealth
 + Level 4.9 Evocations


You had 3 spell levels left.
You didn't know any spells.

Dungeon Overview and Level Annotations

Branches:
Dungeon (2/15)

Altars:
Dithmenos
Hepliaklqana
Trog


Innate Abilities, Weirdness & Mutations

You are very small and have problems with some larger weapons.
You are too small for most types of armour.
You have supernaturally acute eyesight. (SInv)
You are a herbivore.
You cover ground extremely quickly.
You need consume almost no food.
You can translocate small distances at will.
Your magical capacity is low. (-10% MP)


Message History

You hit the adder.
The adder is almost dead.
You feel sick. The adder barely misses you.
Dmg: -4%(-1hp) hp: 39%(8hp)
You closely miss the adder.
The adder is almost dead.
The adder barely misses you. The adder misses you.
You hit the adder.
The adder is almost dead.
You feel sick. The adder bites you.
* * * LOW HITPOINT WARNING * * *
Huge Dmg: -19%(-4hp) hp: 20%(4hp)
You closely miss the adder.
The adder is almost dead.
The adder bites you.
* * * LOW HITPOINT WARNING * * *
Huge Dmg: -15%(-3hp) hp: 5%(1hp) It was a potion of mutation.
You feel extremely strange.
You feel less energetic.
You feel jittery.
You die...

#.####.#####
...##......# #####
#.#....###.# ##...##
#......# #.####.....#
###.##.###..........#
.#.###.....##.......#
#.## #.###..........#
### ##'###.##.###...#
##...##.##..S@...#
##.....#.##..###..#
##.........(.......#
##.......(.##.....#.#
.'.........'........#
##.........###...[###
##.......## #.#.##
##.....## #.###
#####...## #.#


You could see an adder.

Vanquished Creatures
  4 adders (D:2)
  2 oozes (D:1)
  A dart slug (D:2)
  2 leopard geckos
  8 bats
  A giant cockroach (D:1)
  13 goblins
  6 hobgoblins
  3 jackals (D:1)
  3 kobolds
  2 ball pythons (D:2)
  2 frilled lizards
  A quokka skeleton (D:2)
  12 rats
60 creatures vanquished.

Notes
Turn   | Place    | Note
-------+----------+-------------------------------------------
     0 | D:1      | Gobbopathe the Spriggan Artificer began the quest for the Orb.
     0 | D:1      | Reached XP level 1. HP: 9/9 MP: 4/4
   310 | D:1      | Reached XP level 2. HP: 14/14 MP: 6/6
   532 | D:1      | Reached skill level 4 in Dodging
   772 | D:1      | Reached XP level 3. HP: 17/17 MP: 7/7
  1802 | D:2      | Found a hazy altar of Hepliaklqana.
  1954 | D:2      | Reached skill level 5 in Dodging
  1954 | D:2      | Reached XP level 4. HP: 16/21 MP: 8/8
  2252 | D:2      | Found a shadowy altar of Dithmenos.
  2258 | D:2      | Became a worshipper of Dithmenos the Shadowed
  2262 | D:2      | Found a bloodstained altar of Trog.
  2543 | D:2      | HP: 1/21 [adder (3)]
  2544 | D:2      | Gained mutation: Your magical capacity is low. (-10% MP) [potion of mutation]
  2544 | D:2      | Gained mutation: You can translocate small distances at will. [potion of mutation]
  2544 | D:2      | Succumbed to an adder's poison

Skill      XL: |  1  2  3 |
---------------+----------+-----
Dodging        | 4 5 |  5.5
Short Blades   | 2 |  2.5
Fighting       | |  0.7
Stealth        | |  1.5
Evocations     | |  4.9

Action                   |  1- 3 |  4- 6 || total
-------------------------+-------+-------++-------
Melee: Short sword       |   197 |    58 ||   255
Throw: Stone             |     4 |     6 ||    10
  Use: Potion            |       |     1 ||     1
 Stab: Sleeping          |     4 |     2 ||     6
Armor: Robe              |    15 |     6 ||    21
Dodge: Dodged            |   158 |    54 ||   212
